 Dungeon Crawl Stone Soup version 0.27-a0-562-g0d39f094a4 (webtiles) character file.

Game seed: 9716150085179411201

7462 kae the Grappler (level 11, -4/86 HPs)
             Began as a Naga Transmuter on Mar 8, 2021.
             Was a High Priest of Cheibriados.
             Slain by a slime creature (9 damage)
             ... on level 13 of the Dungeon.
             The game lasted 00:10:46 (11937 turns).

kae the Grappler (Naga Transmuter)                 Turns: 11937, Time: 00:10:46

Health: -4/86      AC:  9    Str: 28    XL:     11   Next: 15%
Magic:  20/24      EV: 11    Int: 26    God:    Cheibriados [*****.]
Gold:   422        SH:  0    Dex: 23    Spells: 3/16 levels left

rFire    . . .     SeeInvis +     - Unarmed
rCold    . . .     Faith    .   (shield currently unavailable)
rNeg     . . .     Spirit   .   a - +1 robe
rPois    +         Reflect  .   w - +2 hat
rElec    .         Harm     .   s - +1 cloak {rPois}
rCorr    .         Rampage  .   (gloves currently unavailable)
Will     +....                  (no barding)
Stlth    ++........             i - amulet of regeneration
HPRegen  1.24/turn              l - ring of magical power
MPRegen  0.19/turn              (no ring)

@: blade hands, very slow
A: large, see invisible, deformed body, poison resistance, slowness 2, spit
poison 1, naga tail 1, AC +3
a: Spit Poison, End Transformation, Renounce Religion, Bend Time, Temporal
Distortion, Slouch, Step From Time


You were on level 13 of the Dungeon.
You worshipped Cheibriados.
Cheibriados was extremely pleased with you.
You had blades for hands.
You visited 2 branches of the dungeon, and saw 13 of its levels.
You also visited: Sewer.

You collected 698 gold pieces.
You spent 276 gold pieces at shops.

Inventory:

Armour
 a - a +1 robe (worn)
 o - a +0 pair of gloves (melded)
 s - a +1 cloak of poison resistance (worn)
 w - a +2 hat (worn)
Jewellery
 i - an amulet of regeneration (around neck)
 j - a ring of ice
 l - a ring of magical power (left blade hand)
 x - a ring of poison resistance
Wands
 n - a wand of flame (18)
 r - a wand of polymorph (8)
 y - a wand of iceblast (7)
 z - a wand of acid (16)
Scrolls
 c - a scroll of enchant weapon
 d - 3 scrolls of fear
 h - 9 scrolls of teleportation
 B - a scroll of enchant armour
 C - a scroll of amnesia
Potions
 b - 2 potions of attraction
 e - 3 potions of magic
 f - 5 potions of curing
 g - 2 potions of lignification
 k - a potion of resistance
 m - a potion of ambrosia
 p - a potion of cancellation {unknown}
 q - a potion of mutation
 u - 6 potions of flight {unknown}
 v - a potion of might
 A - a potion of brilliance {unknown}


   Skills:
 - Level 2.1 Fighting
 - Level 2.3 Dodging
 * Level 12.8 Unarmed Combat
 - Level 3.0 Spellcasting
 + Level 9.4 Transmutations
 - Level 4.0 Ice Magic
 - Level 2.0 Poison Magic


You had 3 spell levels left.
You knew the following spells:

 Your Spells              Type           Power      Damage    Failure   Level
a - Beastly Appendage     Tmut           100%       N/A       9%          1
b - Spider Form           Tmut/Pois      16%        N/A       24%         3
c - Ice Form              Ice/Tmut       38%        N/A       36%         4
d - Blade Hands           Tmut           26%        N/A       34%         5

Your spell library contained the following spells:

 Spells                   Type           Power      Damage    Failure   Level
 Wereblood                Tmut           52%        N/A       10%         2
 Bolt of Magma            Conj/Fire/Erth 1%         4d4       99%         5
 Iskenderun's Battlesphe  Conj           3%         2d6       99%         5
 Iron Shot                Conj/Erth      1%         9d1       100%        6
 Orb of Destruction       Conj           1%         N/A       100%        7
 Spellforged Servitor     Conj/Summ      1%         N/A       100%        7


Dungeon Overview and Level Annotations

Branches:
Dungeon (11/15)            Temple (1/1) D:4           Sewer (visited)
   Lair: D:8-11         Orc: D:9-12

Altars:
Ashenzari
Cheibriados
Dithmenos
Elyvilon
Fedhas
Gozag
Hepliaklqana
Kikubaaqudgha
Makhleb
Nemelex Xobeh
Okawaru
Qazlal
Ru
Sif Muna
Trog
Uskayaw
Vehumet
Wu Jian
Xom
Yredelemnul
Zin
The Shining One

Shops:
D:4 ?   D:6 *   D:9 !(

Annotations:
D:2 2 transporters
D:8 1 runed translucent door, harkrass's ghost, novice MiFi


Innate Abilities, Weirdness & Mutations

Your serpentine skin is tough. (AC +3)
You have supernaturally acute eyesight. (SInv)
Armour fits poorly on your strangely shaped body.
Your system is resistant to poisons. (rPois)
You cover ground very slowly.
You can spit poison.
You have a snake-like lower body.


Message History

Confirm with . or Enter, or press ? or * to list all spells.
Your hands turn into razor-sharp scythe blades.
Your +0 pair of gloves melds into your body.
The ogre shouts!
A slime creature comes into view.
The slime creature hits you! The ogre closely misses you.
You slice the slime creature!!
The slime creature is moderately wounded.
The slime creature hits you!
Two slime creatures merge to form a large slime creature.
A slime creature comes into view.
You slash the large slime creature!
The large slime creature is moderately wounded.
A slime creature comes into view.
The ogre barely misses you.
You slash the large slime creature! x2
The large slime creature is heavily wounded.
The slime creature hits you!
You slash the large slime creature! x2
The large slime creature is severely wounded.
The soldier ant waves its antennae.
The soldier ant stings you. The slime creature closely misses you.
The ogre hits you with a +0 giant spiked club!!
* * * LOW HITPOINT WARNING * * *
Two slime creatures merge to form a very large slime creature.
You shred the very large slime creature!!!
The very large slime creature is severely wounded.
You hear a shout!
The soldier ant stings you.
* * * LOW HITPOINT WARNING * * *
The slime creature hits you!
* * * LOW HITPOINT WARNING * * *
You shred the very large slime creature!!!
The very large slime creature is almost dead.
The ogre barely misses you.
You shred the very large slime creature!!!
You kill the very large slime creature!
Cheibriados thoroughly appreciates the change of pace.
The soldier ant barely misses you. The slime creature hits you!
You die...

...... ...
..... .. ....
.. #...#.##
#......
.#.#...J.#
........J##.###
#@B......
......O.....###
...............
..#.##......###
# .........
........###
........#
#.#......#


You could see 2 slime creatures, a soldier ant and an ogre.

Vanquished Creatures
  A two-headed ogre (D:11)
  A slime creature (D:13)
  Pikel (D:6)
  2 cyclopes (D:11)
  Maurice (D:8)
  A gargoyle (D:11)
  A komodo dragon (D:9)
  A hornet (D:9)
  Prince Ribbit (D:5)
  Grinder (D:3)
  A wraith (D:11)
  Duvessa (D:5)
  A sky beast (D:6)
  A black bear (D:11)
  An orc warrior (D:7)
  A necrophage (D:11)
  An eye of draining (D:11)
  3 ogres
  A lemure (D:6)
  A phantom (D:4)
  6 centaurs
  4 bullfrogs
  A wyvern zombie (D:7)
  2 scorpions
  Dowan (D:5)
  3 water moccasin skeletons
  3 killer bees (D:7)
  7 wights
  A howler monkey (D:11)
  A centaur zombie (D:6)
  4 jellies
  3 bullfrog skeletons
  Crazy Yiuf (D:6)
  A quasit (D:8)
  A centaur skeleton (D:4)
  7 hounds
  6 orc priests
  4 iguanas
  7 worker ants
  7 orc wizards
  2 killer bee zombies
  2 hound skeletons
  A hound zombie (D:7)
  A worker ant zombie (D:6)
  Robin (D:2)
  11 adders
  7 gnolls (D:7)
  A howler monkey skeleton (D:6)
  A shadow imp (D:8)
  A white imp (D:5)
  3 oozes
  3 ufetubi
  An adder zombie (D:6)
  4 adder skeletons
  8 worms
  7 dart slugs
  8 leopard geckos
  19 orcs
  13 bats
  8 giant cockroaches
  20 goblins
  13 hobgoblins
  9 jackals
  10 quokkas
  A ball python (Sewer)
  9 frilled lizards
  A jackal skeleton (D:4)
  4 kobolds
  3 quokka skeletons (D:9)
  4 rats
269 creatures vanquished.

Notes
Turn   | Place    | Note
-------+----------+-------------------------------------------
     0 | D:1      | kae the Naga Transmuter began the quest for the Orb.
     0 | D:1      | Reached XP level 1. HP: 18/18 MP: 3/3
   479 | D:1      | Reached XP level 2. HP: 4/25 MP: 5/5
  1209 | D:1      | Reached XP level 3. HP: 25/31 MP: 4/6
  2121 | D:1      | Learned a level 3 spell: Spider Form
  2454 | D:2      | Noticed Robin
  2474 | D:1      | Reached XP level 4. HP: 13/38 MP: 2/7
  2910 | D:2      | Killed Robin
  3200 | D:2      | Found a burning altar of Makhleb.
  3200 | D:2      | Found a radiant altar of Vehumet.
  3396 | D:2      | Found a transporter.
  3405 | D:2      | Found a transporter.
  3405 | D:2      | Noticed a bullfrog
  3412 | D:2      | Found a sacrificial altar of Ru.
  3422 | D:2      | Reached skill level 4 in Unarmed Combat
  3456 | D:2      | Reached XP level 5. HP: 33/45 MP: 4/8
  3501 | D:2      | Found a glowing golden altar of the Shining One.
  4310 | D:3      | Noticed Grinder
  4324 | D:3      | Paralysed by Grinder for 3 turns
  4334 | D:3      | Killed Grinder
  4335 | D:3      | Reached skill level 5 in Unarmed Combat
  4335 | D:3      | Reached XP level 6. HP: 25/52 MP: 7/10
  4752 | D:4      | Found Wyddocs's Magic Scroll Shop.
  4764 | D:4      | Bought 2 scrolls of identify for 44 gold pieces
  4764 | D:4      | Bought a scroll of identify for 22 gold pieces
  4939 | D:4      | Reached XP level 7. HP: 30/60 MP: 3/11
  5182 | D:4      | Reached skill level 6 in Unarmed Combat
  5249 | D:4      | Found a shadowy altar of Dithmenos.
  5409 | D:4      | Found a staircase to the Ecumenical Temple.
  5536 | Temple   | Entered the Ecumenical Temple
  5611 | Temple   | Became a worshipper of Cheibriados the Contemplative
  5645 | D:5      | Entered Level 5 of the Dungeon
  5675 | D:5      | Noticed Prince Ribbit
  5691 | D:5      | Killed Prince Ribbit
  5756 | D:5      | Learned a level 4 spell: Ice Form
  5934 | D:5      | Reached skill level 1 in Poison Magic
  5934 | D:5      | Reached XP level 8. HP: 40/67 MP: 8/12
  5983 | D:5      | Noticed Dowan
  5996 | D:5      | Killed Dowan
  5997 | D:5      | Reached skill level 7 in Unarmed Combat
  5997 | D:5      | Reached skill level 5 in Transmutations
  5997 | D:5      | Reached skill level 1 in Ice Magic
  6005 | D:5      | Noticed Duvessa
  6128 | D:5      | Killed Duvessa
  6869 | D:6      | Reached * piety under Cheibriados
  6919 | D:6      | Found Ihissyty's Assorted Antiques.
  6927 | D:6      | Bought a fizzy sapphire potion for 21 gold pieces
  6927 | D:6      | Bought a fuming cyan potion for 21 gold pieces
  7161 | D:6      | Found a glowing drain.
  7178 | Sewer    | Entered a sewer
  7183 | Sewer    | Reached ** piety under Cheibriados
  7983 | D:6      | Reached skill level 8 in Unarmed Combat
  8070 | D:6      | Noticed Pikel
  8087 | D:6      | Killed Pikel
  8088 | D:6      | Reached XP level 9. HP: 73/73 MP: 9/13
  8291 | D:6      | Found a runed translucent door.
  8292 | D:6      | Noticed Crazy Yiuf
  8490 | D:6      | Killed Crazy Yiuf
  8571 | D:7      | Reached skill level 9 in Unarmed Combat
  8578 | D:7      | Reached *** piety under Cheibriados
  8623 | D:7      | Found an ornate altar of the Wu Jian Council.
  8641 | D:7      | Found a glowing golden altar of the Shining One.
  8845 | D:7      | Reached **** piety under Cheibriados
  8869 | D:7      | Reached skill level 10 in Unarmed Combat
  9562 | D:8      | Noticed an angel
  9564 | D:8      | Found a glowing silver altar of Zin.
  9565 | D:8      | Found a shimmering altar of Xom.
  9581 | D:8      | Noticed Maurice
  9589 | D:8      | Killed Maurice
  9590 | D:8      | Reached XP level 10. HP: 66/80 MP: 14/14
  9655 | D:8      | Found a runed translucent door.
  9657 | D:8      | Found a shimmering altar of Xom.
  9657 | D:8      | Noticed harkrass's ghost (novice MiFi)
  9657 | D:8      | Noticed a +0 short sword of chaos
 10268 | D:8      | Found a hide-covered altar of Uskayaw.
 10436 | D:9      | Found a broken altar of Ashenzari.
 10544 | D:9      | Reached skill level 11 in Unarmed Combat
 10637 | D:9      | Found Bioxyph's Distillery.
 10641 | D:9      | Bought a potion of ambrosia for 112 gold pieces
 10641 | D:9      | Bought a potion of might for 56 gold pieces
 10754 | D:9      | Learned a level 5 spell: Blade Hands
 10911 | D:9      | Reached ***** piety under Cheibriados
 11089 | D:9      | Found an opulent altar of Gozag.
 11179 | D:9      | Found a white marble altar of Elyvilon.
 11310 | D:9      | Found Wiqomute's Weapon Shoppe.
 11427 | D:10     | Entered Level 10 of the Dungeon
 11512 | D:10     | Noticed a death yak
 11513 | D:10     | Noticed a death yak
 11518 | D:10     | Noticed a death yak
 11589 | D:11     | Noticed a gargoyle
 11592 | D:11     | Killed a gargoyle
 11615 | D:11     | Noticed a two-headed ogre
 11624 | D:11     | Killed a two-headed ogre
 11625 | D:11     | Reached skill level 12 in Unarmed Combat
 11631 | D:11     | Noticed a cyclops
 11639 | D:11     | Killed a cyclops
 11640 | D:11     | Reached XP level 11. HP: 29/86 MP: 0/15
 11647 | D:11     | HP: 3/85 [wight/+0 halberd (8)]
 11647 | D:11     | HP: 1/83 [wight/+0 halberd (2)]
 11739 | D:11     | Noticed a cyclops
 11744 | D:11     | Killed a cyclops
 11924 | D:11     | You fall into a shaft and drop 2 floors!
 11925 | D:13     | Noticed a queen ant
 11925 | D:13     | Noticed an entropy weaver
 11925 | D:13     | Noticed an entropy weaver
 11935 | D:13     | HP: 3/86 [slime creature (11)]
 11937 | D:13     | Slain by a slime creature

Illustrated notes

Levels and vault maps discovered:
D:1:      lemuel_arrival_tunnels, layout_basic
D:2:      layout_rooms, gammafunk_temple_overflow_pools,
          gammafunk_temple_overflow_arena, minmay_tall_x, uniq_robin
D:3:      layout_loops_corners, uniq_grinder
D:4:      layout_rooms, minmay_temple_entry_stoned_glass, serial_shops, shop,
          grunt_dithmenos_smoke_and_mirrors
D:5:      layout_cave_pods, uniq_prince_ribbit1, uniq_duvessa
D:6:      layout_rooms, gup_sewer_entry_bubbles, serial_shops,
          nicolae_shop_trees, minivault_1, uniq_crazy_yiuf_cottage, uniq_pikel
D:7:      layout_loops_ring, lemuel_doored_altar, tso_altar
D:8:      layout_basic, grunt_temple_overflow_order_and_chaos_1,
          ebering_ghost_xom, basic_altar, grunt_tough_drop, uniq_maurice
D:9:      minmay_opposing_rooms, layout_loops_ring,
          nicolae_overflow_hidden_temple, ashenzari_altar_1,
          kennysheep_mini_moat, serial_shops, nicolae_shop_crystal, shop
D:10:     layout_roguey, dpeg_lair_monsters, nicolae_zen_rock_garden,
          uniq_psyche
D:11:     layout_loops_ring, kennysheep_flooded_box
D:13:     layout_basic, chequers_serial_rivers_micro_a, glass_columns_b,
          minmay_another_anthill
Temple:   nicolae_temple_x_marks_the_god

Skill      XL: |  1  2  3  4  5  6  7  8  9 10 |
---------------+-------------------------------+-----
Dodging        | 2 |  2.3
Fighting       | 2 |  2.1
Unarmed Combat | 4 5 6 8 10 12 | 12.8
Spellcasting   | 3 |  3.0
Transmutations | 3 4 6 7 9 |  9.4
Poison Magic   | 1 2 |  2.0
Ice Magic      | 3 4 |  4.0

Action                   |  1- 3 |  4- 6 |  7- 9 | 10-12 || total
-------------------------+-------+-------+-------+-------++-------
Melee: Unarmed           |    74 |   230 |   327 |   141 ||   772
       Headbutt          |    10 |     7 |     3 |       ||    20
       Punch             |     1 |     2 |     1 |     5 ||     9
 Cast: Beastly Appendage |    12 |    23 |     6 |       ||    41
       Spider Form       |     1 |     9 |    31 |       ||    41
       Ice Form          |       |       |    17 |    20 ||    37
       Blade Hands       |       |       |       |     2 ||     2
 Abil: Spit Poison       |     6 |     1 |     1 |     1 ||     9
  Use: Scroll            |     2 |     3 |    15 |     3 ||    23
       Potion            |       |     2 |       |     1 ||     3
 Stab: Sleeping          |       |       |     1 |     2 ||     3
Armor: Robe              |    21 |    52 |    42 |    27 ||   142
       Skin              |       |     4 |    31 |    30 ||    65
Dodge: Dodged            |    49 |   165 |   246 |    87 ||   547

Table legend: (Time is in decaauts)
 A = Elapsed time spent in this place.
 B = Non-inter-level travel time spent in this place.
 C = Inter-level travel time spent in this place.
 D = Time resting spent in this place.
 E = Time spent auto-exploring this place.
 F = Levels seen in this place.
 G = Mean time per level.
                   A        B        C        D        E       F      G
               +--------+--------+--------+--------+--------+-----+--------+
         Total |  17441 |  16872 |    569 |    953 |  13811 |  14 | 1245.8 |
       Dungeon |  16132 |  15583 |    549 |    868 |  12823 |  12 | 1344.3 |
        Temple |    111 |     91 |     20 |      0 |     89 |   1 |  111.0 |
         Sewer |   1197 |   1197 |      0 |     85 |    898 |   1 | 1197.0 |
               +--------+--------+--------+--------+--------+-----+--------+

Top non-repeatable levels by time:
     D:1: 3205 daAuts
     D:9: 1921 daAuts
     D:8: 1768 daAuts
     D:5: 1725 daAuts
     D:7: 1638 daAuts
     D:6: 1573 daAuts
     D:3: 1239 daAuts
     D:2: 1219 daAuts
   Sewer: 1197 daAuts
     D:4: 1095 daAuts
    D:11: 590 daAuts
    D:10: 141 daAuts
  Temple: 111 daAuts
    D:13: 11 daAuts
